 Dungeon Crawl Stone Soup version 0.27-a0-406-g23f261fbd2 (webtiles) character file.

Game seed: 16842425590408011022

88 vurker the Gusty (level 4, 0/25 HPs)
             Began as a Tengu Air Elementalist on Feb 22, 2021.
             Slain by a river rat (6 damage)
             ... in a sewer.
             The game lasted 00:01:58 (3082 turns).

vurker the Gusty (Tengu Air Elementalist)           Turns: 3082, Time: 00:01:58

Health: 0/25       AC:  2    Str:  8    XL:     4   Next: 53%
Magic:  0/9        EV: 12    Int: 17    God:
Gold:   91         SH:  0    Dex: 14    Spells: 7/8 levels left

rFire    . . .     SeeInvis .   i - +0 dagger
rCold    . . .     Faith    .   (no shield)
rNeg     . . .     Spirit   .   a - +0 robe
rPois    .         Reflect  .   (helmet restricted)
rElec    .         Harm     .   (no cloak)
rCorr    .         Rampage  .   (no gloves)
Will     .....                  (boots unavailable)
Stlth    ++........             (no amulet)
HPRegen  0.08/turn              (no ring)
MPRegen  0.11/turn              (no ring)

@: very slightly contaminated
A: beak, talons 3
a: no special abilities


You were in a sewer.
You visited 1 branch of the dungeon, and saw 3 of its levels.
You also visited: Sewer.

You collected 91 gold pieces.

Inventory:

Hand Weapons
 i - a +0 dagger (weapon)
   (You took it off a goblin on level 2 of the Dungeon)
Armour
 a - a +0 robe (worn)
Scrolls
 b - a scroll of random uselessness {unknown}
 c - a scroll of enchant weapon {unknown}
 d - a scroll of fog {unknown}
 f - a scroll of immolation {unknown}
 g - a scroll of enchant armour {unknown}
 h - 3 scrolls of identify {unknown}
 l - a scroll of amnesia {unknown}
Potions
 e - a potion of curing {unknown}
 j - a potion of degeneration {unknown}
 k - a potion of cancellation {unknown}


   Skills:
 + Level 1.3 Fighting
 - Level 2.1 Dodging
 - Level 2.0 Stealth
 * Level 2.9 Spellcasting
 + Level 2.5 Conjurations
 * Level 5.1 Air Magic


You had 7 spell levels left.
You knew the following spells:

 Your Spells              Type           Power        Failure   Level
a - Shock                 Conj/Air       60%          3%          1

Your spell library contained the following spells:

 Spells                   Type           Power        Failure   Level
 Swiftness                Air            20%          3%          2
 Static Discharge         Conj/Air       15%          11%         3
 Airstrike                Air            10%          21%         4
 Lightning Bolt           Conj/Air       7%           71%         5


Dungeon Overview and Level Annotations

Branches:
Dungeon (3/15)              Sewer (1/1)

Altars:
Dithmenos
Gozag
Okawaru
Qazlal


Innate Abilities, Weirdness & Mutations

You have a beak for a mouth.
You have claws for feet.


Message History

You enter the shallow water.
Moving in this stuff is going to be slow.
Found a glowing drain.
There is a glowing drain here.
The world spins around you as you enter the gateway.
You enter a sewer! 2 rats and 3 river rats come into view.
Found a gate leading back out of this place.
There is an empty arch of ancient stone here.
Aim: a rat (asleep, 0% to evade)
The zap hits the rat.
The zap hits the river rat.
The zap hits the rat.
Aim: a rat (heavily wounded, 29% to evade)
The zap hits the rat.
You kill the rat!
The zap hits the river rat but does no damage.
The zap hits the rat.
You kill the rat!
Aim: a river rat (moderately wounded, 32% to evade)
The zap hits the river rat.
Aim: a river rat (severely wounded, 32% to evade)
The zap hits the river rat.
The river rat bites you.
Aim: a river rat (almost dead, 32% to evade)
The zap hits the river rat.
You kill the river rat!
The river rat bites you.
Aim: a river rat (32% to evade)
The zap hits the river rat. x2; The river rat closely misses you.
Aim: a river rat (lightly wounded, 32% to evade)
The zap hits the river rat. x2; The river rat bites you.
* * * LOW HITPOINT WARNING * * *
The river rat twitches its whiskers.
Aim: a river rat (heavily wounded, 32% to evade)
You miscast Shock.
You are very lightly contaminated with residual magic.
Nothing appears to happen.
The river rat bites you but does no damage.
Aim: a river rat (heavily wounded, 32% to evade)
The zap hits the river rat.
The zap misses the river rat.
The river rat bites you.
* * * LOW HITPOINT WARNING * * *
Aim: a river rat (almost dead, 32% to evade)
The zap hits the river rat.
The zap hits the river rat but does no damage.
The river rat bites you.
* * * LOW HITPOINT WARNING * * *
You hit the river rat but do no damage. You claw the river rat.
You kill the river rat!
You hit the river rat but do no damage. Your kick misses the river rat.
The river rat bites you.
You die...

###
#.#
#.#
#.#
#.#
#∩#
#r#
#@#
#†#
#.#
#.#
#†#
#.#
#.#
#≈#


You could see a river rat.

Vanquished Creatures
  3 adders
  2 river rats (Sewer)
  A worm (D:2)
  A dart slug (D:2)
  A giant cockroach (D:2)
  4 hobgoblins (D:2)
  3 jackals (D:2)
  7 bats
  2 frilled lizards (D:1)
  6 goblins
  5 kobolds
  6 rats
41 creatures vanquished.

Notes
Turn   | Place    | Note
-------+----------+-------------------------------------------
     0 | D:1      | vurker the Tengu Air Elementalist began the quest for the
                  | Orb.
     0 | D:1      | Reached XP level 1. HP: 10/10 MP: 4/4
   469 | D:1      | Reached XP level 2. HP: 15/15 MP: 4/6
  1286 | D:2      | Noticed a fire elemental
  1288 | D:2      | Found a stormy altar of Qazlal.
  1290 | D:2      | Noticed an air elemental
  1290 | D:2      | Noticed a water elemental
  1290 | D:2      | Noticed an earth elemental
  1373 | D:2      | Reached XP level 3. HP: 11/20 MP: 1/7
  1676 | D:2      | Found an iron altar of Okawaru.
  1936 | D:2      | Found a shadowy altar of Dithmenos.
  1949 | D:2      | Found an opulent altar of Gozag.
  2015 | D:2      | Reached skill level 1 in Fighting
  2327 | D:2      | Reached XP level 4. HP: 13/25 MP: 6/9
  2527 | D:2      | Found a faded altar of an unknown god.
  2586 | D:2      | Reached skill level 5 in Air Magic
  3061 | D:3      | Found a glowing drain.
  3070 | Sewer    | Entered a sewer
  3082 | Sewer    | Slain by a river rat

Illustrated notes

Levels and vault maps discovered:
D:1:      nicolae_arrival_somewhat_less_tricky_arrival, layout_basic,
          chequers_serial_rivers_room_b
D:2:      minmay_kobold_bridge, layout_loops_ring,
          nicolae_qazlal_style_of_elements, okawaru_trees_2,
          amethyst_overflow_temple_binary,
          chequers_ecumenical_altar_simple_redux, corexii_shack,
          minmay_misc_feat_rugged
D:3:      gammafunk_steamed_eel, layout_basic, portal_sewer_entry_d
Sewer:    sewer_kobolds

Skill      XL: |  1  2  3  4 |
---------------+-------------+-----
Conjurations   | 2 |  2.5
Fighting       | 1 |  1.3
Air Magic      | 5 |  5.1
Dodging        | |  2.1
Stealth        | |  2.0
Spellcasting   | |  2.9

Action                   |  1- 3 |  4- 6 || total
-------------------------+-------+-------++-------
Melee: Unarmed           |     7 |       ||     7
       Dagger            |    20 |     2 ||    22
       Peck              |     4 |       ||     4
       Kick              |     5 |     1 ||     6
 Cast: Shock             |    61 |    19 ||    80
Armor: Robe              |     9 |     2 ||    11
Dodge: Dodged            |    20 |     5 ||    25

Table legend: (Time is in decaauts)
 A = Elapsed time spent in this place.
 B = Non-inter-level travel time spent in this place.
 C = Inter-level travel time spent in this place.
 D = Time resting spent in this place.
 E = Time spent auto-exploring this place.
 F = Levels seen in this place.
 G = Mean time per level.
                   A        B        C        D        E       F      G
               +--------+--------+--------+--------+--------+-----+--------+
         Total |   3086 |   3004 |     82 |    232 |   2550 |   4 |  771.5 |
       Dungeon |   3074 |   2992 |     82 |    232 |   2550 |   3 | 1024.7 |
         Sewer |     11 |     11 |      0 |      0 |      0 |   1 |   11.0 |
               +--------+--------+--------+--------+--------+-----+--------+

Top non-repeatable levels by time:
     D:2: 1895 daAuts
     D:1: 1155 daAuts
     D:3: 23 daAuts
   Sewer: 11 daAuts
